 Dungeon Crawl Stone Soup version 0.29-a0-961-gfab03dca74 (webtiles) character file.

Game seed: 1974570154747169416

988 Elmgren the Ducker (level 8, -6/50 HPs)
             Began as a Djinni Fire Elementalist on July 30, 2022.
             Mangled by a wight
             ... wielding a +4 great sword
              (11 damage)
             ... on level 6 of the Dungeon.
             The game lasted 00:20:36 (12867 turns).

Elmgren the Ducker (Djinni Fire Elementalist)      Turns: 12867, Time: 00:20:36

Health: -6/50      AC:  7    Str:  7    XL:     8   Next: 41%
Gold:   194        EV: 15    Int: 19    God:
                   SH:  0    Dex: 14

rFire   + + .      SeeInvis .   f - +1 dagger (venom)
rCold   x . .      Faith    .   (no shield)
rNeg    . . .      Spirit   .   a - +0 robe
rPois   ∞          Reflect  .   (no helmet)
rElec   .          Harm     .   n - +0 cloak
rCorr   .          Rampage  .   (no gloves)
Will    +....                   (boots unavailable)
Stlth   ++........              (no amulet)
HPRegen 0.16/turn               k - ring of willpower
MPRegen 0.00/turn               e - +4 ring of protection

@: flying
A: sickness immunity, fire resistance 2, cold vulnerability 1, float, innate
caster, HP casting, extra vitality 1
a: no special abilities


You were on level 6 of the Dungeon.
You visited 2 branches of the dungeon, and saw 7 of its levels.

You collected 194 gold pieces.

Inventory:

Hand Weapons
 f - a +1 dagger of venom (weapon)
Armour
 a - a +0 robe (worn)
 n - a +0 cloak (worn)
Jewellery
 e - a +4 ring of protection (right hand)
 k - a ring of willpower (left hand)
 m - a ring of fire
Scrolls
 g - a scroll of blinking
 h - a scroll of fear
 i - a scroll of teleportation
 p - 2 scrolls of poison
 r - a scroll of identify
Potions
 b - a potion of invisibility
 c - a potion of haste
 d - a potion of attraction
 j - a potion of magic {unknown}
 l - a potion of heal wounds {unknown}
 o - a potion of curing {unknown}
 q - a potion of brilliance {unknown}


   Skills:
 + Level 7.4 Dodging
 - Level 1.5 Stealth
 + Level 5.5 Spellcasting


You couldn't memorise any spells.
You knew the following spells:

 Your Spells              Type           Power      Damage    Failure   Level
a - Foxfire               Conj/Fire      100%       2x1d9     1%          1
b - Scorch                Fire           52%        2d8       1%          2
c - Conjure Flame         Conj/Fire      26%        6-21      3%          3
d - Inner Flame           Hex/Fire       26%        N/A       3%          3
e - Flame Wave            Conj/Fire      26%        2d8       12%         4
f - Slow                  Hex            100%       N/A       1%          1
g - Static Discharge      Conj/Air       26%        3-7/arc   1%          2
h - Ignite Poison         Fire/Tmut/Pois 26%        N/A       3%          3
Your spell library was empty.

Dungeon Overview and Level Annotations

Branches:
Dungeon (6/15)             Temple (1/1) D:5

Altars:
Ashenzari
Cheibriados
Dithmenos
Elyvilon
Gozag
Hepliaklqana
Nemelex Xobeh
Okawaru
Ru
Trog
Uskayaw
Yredelemnul
Zin
The Shining One


Innate Abilities, Weirdness & Mutations

You are immune to sickness and miasma.
You are immune to poison.
Your flesh is very heat resistant. (rF++)
You are vulnerable to cold. (rC-)
You float through the air rather than walking.
You learn spells naturally, not from books.
Your magical power is your life essence.
You have superior vitality. (+4 MHP)


Message History

The wight is lightly damaged.
Casting: Foxfire (safe; 1% risk of failure)
Confirm with . or Enter, or press ? or * to list all spells.
You conjure some foxfire!
The wight misses you.
Casting: Foxfire (safe; 1% risk of failure)
Confirm with . or Enter, or press ? or * to list all spells.
You conjure some foxfire!
The foxfire hits the wight but does no damage.
The wight is lightly damaged.
The foxfire hits the wight but does no damage.
The wight is lightly damaged.
The wight misses you.
Casting: Foxfire (safe; 1% risk of failure)
Confirm with . or Enter, or press ? or * to list all spells.
You conjure some foxfire!
The foxfire hits the wight but does no damage.
The wight is lightly damaged.
The wight misses you.
Casting: Foxfire (safe; 1% risk of failure)
Confirm with . or Enter, or press ? or * to list all spells.
You conjure some foxfire!
The foxfire hits the wight but does no damage.
The wight is lightly damaged.
The foxfire hits the wight.
The wight is moderately damaged.
The foxfire hits the wight!
The wight is almost destroyed.
The foxfire hits the howler monkey!
The howler monkey is heavily wounded.
The wight hits you with a +4 great sword!
* * * LOW HITPOINT WARNING * * *
The howler monkey attacks as you move away!
The howler monkey closely misses you.
The foxfire hits the howler monkey.
The howler monkey is severely wounded.
The howler monkey hoots and howls with incredible vigour!
You hear a shout! x2; You hear an angry hiss.
You hear a shout! x7
The wight attacks as you move away! The wight barely misses you.
The wight attacks as you move away!
The wight hits you with a +4 great sword!
You die...

...... .... ..... #...
# #.#.# #... #.##.#.#
#... #.#).#.# #...
#....#.# ###..#
#......# #######....#
##...#.#####...<.......
##..z@........###.####
####..####...# #.#
#.....# ##### #.#
#.###.# #(# ... .# #.#
### .# #.# .# ... ##
#.#


You could see a wight.

Vanquished Creatures
  A water moccasin (D:5)
  A phantom (D:5)
  3 scorpions
  A wight (D:6)
  A centaur zombie (D:5)
  A bullfrog zombie (D:5)
  3 jellies
  Jessica (D:3)
  2 scorpion zombies (D:5)
  3 orc wizards (D:5)
  Natasha (D:3)
  A hound zombie (D:5)
  6 adders
  4 gnolls (D:5)
  A shadow imp (D:5)
  A white imp (D:6)
  An ufetubus (D:6)
  A worm (D:4)
  3 dart slugs
  7 orcs
  6 ball pythons
  7 endoplasms
  4 giant cockroaches
  13 goblins
  8 hobgoblins
  4 jackals
  5 quokkas
  3 bats
  3 frilled lizards (D:2)
  5 kobolds
  A rat (D:1)
102 creatures vanquished.

Vanquished Creatures (others)
  620 foxfires
  2 plants (D:6)
622 creatures vanquished.

Grand Total: 724 creatures vanquished

Notes
Turn   | Place    | Note
-------+----------+-------------------------------------------
     0 | D:1      | Elmgren the Djinni Fire Elementalist began the quest for
                  | the Orb.
     0 | D:1      | Elmgren set off with the following spells memorised:
                  | Foxfire, Scorch, Conjure Flame, Inner Flame, Flame Wave.
     0 | D:1      | Reached XP level 1. HP: 15/15 MP: 0/0
    22 | D:1      | Reached XP level 2. HP: 8/21 MP: 0/0
   702 | D:1      | Found a faded altar of an unknown god.
  1063 | D:1      | Reached skill level 3 in Dodging
  1063 | D:1      | Reached XP level 3. HP: 21/25 MP: 0/0
  1063 | D:1      | Learned a level 1 spell: Slow
  3599 | D:2      | Reached XP level 4. HP: 26/31 MP: 0/0
  5058 | D:3      | Noticed Jessica
  5070 | D:3      | Killed Jessica
  6178 | D:3      | Reached skill level 4 in Dodging
  6178 | D:3      | Reached XP level 5. HP: 31/35 MP: 0/0
  6178 | D:3      | Learned a level 2 spell: Static Discharge
  7065 | D:3      | Noticed Natasha
  7072 | D:3      | Killed Natasha
  8438 | D:4      | Reached XP level 6. HP: 36/40 MP: 0/0
  8981 | D:4      | Found an opulent altar of Gozag.
  9659 | D:5      | Entered Level 5 of the Dungeon
  9684 | D:5      | Reached skill level 5 in Dodging
  9853 | D:5      | Noticed a water moccasin
  9862 | D:5      | Killed a water moccasin
  9863 | D:5      | Reached XP level 7. HP: 40/45 MP: 0/0
  9863 | D:5      | Learned a level 3 spell: Ignite Poison
 10286 | D:5      | Reached skill level 6 in Dodging
 10684 | D:5      | Found a staircase to the Ecumenical Temple.
 10827 | D:5      | Reached skill level 5 in Spellcasting
 10975 | D:5      | Found a broken altar of Ashenzari.
 11283 | D:5      | Reached XP level 8. HP: 18/50 MP: 0/0
 11898 | D:5      | Found a basalt altar of Yredelemnul.
 11913 | D:5      | Reached skill level 7 in Dodging
 12477 | Temple   | Entered the Ecumenical Temple
 12867 | D:6      | Mangled by a wight

Illustrated notes

Levels and vault maps discovered:
D:1:      lightli_arrival_lavapool, layout_basic,
          ebering_ecumenical_altar_sacrificial, corexii_item_surrounded_by_moat
D:2:      layout_basic
D:3:      layout_basic, uniq_jessica, uniq_natasha
D:4:      layout_loops_ring, marbit_many_paths
D:5:      layout_loops_corners, nicolae_overflow_hidden_temple,
          nicolae_yredelemnul_corpse_copse, minmay_temple_entry_antechambers,
          glass_columns_b, grunt_decor_junction
D:6:      layout_loops_ring, serial_bayou_ford_a, uniq_grinder, uniq_pikel,
          uniq_sigmund, uniq_prince_ribbit1
Temple:   hellmonk_temple_flake

Skill      XL: |  1  2  3  4  5  6  7  8 |
---------------+-------------------------+-----
Dodging        | 3 4 5 6 7 |  7.4
Spellcasting   | 3 4 5 |  5.5
Stealth        | |  1.5

Action                   |  1- 3 |  4- 6 |  7- 9 || total
-------------------------+-------+-------+-------++-------
Melee: Dagger            |       |     8 |     5 ||    13
 Cast: Foxfire           |   110 |   149 |   170 ||   429
       Conjure Flame     |       |     2 |       ||     2
  Use: Scroll            |     1 |    11 |       ||    12
 Stab: Sleeping          |       |     1 |       ||     1
Armor: Robe              |     1 |     7 |    18 ||    26
Dodge: Dodged            |     9 |    17 |    41 ||    67

Table legend: (Time is in decaauts)
 A = Elapsed time spent in this place.
 B = Non-inter-level travel time spent in this place.
 C = Inter-level travel time spent in this place.
 D = Time resting spent in this place.
 E = Time spent auto-exploring this place.
 F = Levels seen in this place.
 G = Mean time per level.
                   A        B        C        D        E       F      G
               +--------+--------+--------+--------+--------+-----+--------+
         Total |  12864 |  12617 |    247 |   6723 |   4849 |   7 | 1837.7 |
       Dungeon |  12714 |  12476 |    238 |   6723 |   4722 |   6 | 2119.0 |
        Temple |    149 |    140 |      9 |      0 |    127 |   1 |  149.0 |
               +--------+--------+--------+--------+--------+-----+--------+

Top non-repeatable levels by time:
     D:3: 2926 daAuts
     D:5: 2864 daAuts
     D:2: 2636 daAuts
     D:1: 2303 daAuts
     D:4: 1791 daAuts
     D:6: 193 daAuts
  Temple: 149 daAuts
